 Dungeon Crawl Stone Soup version 0.24.0-123-gd5b16e6ec5 (webtiles) character file.

Game seed: 14500441940275937206, levelgen mode: deterministic

67 Elellon the Chopper (level 4, 0/39 HPs)
             Began as a Hill Orc Fighter on Jan 20, 2020.
             Slain by a phantom (6 damage)
             ... on level 2 of the Dungeon.
             The game lasted 00:01:56 (1088 turns).

Elellon the Chopper (Hill Orc Fighter)              Turns: 1088, Time: 00:01:57

Health: 0/39       AC:  6    Str: 19    XL:     4   Next: 18%
Magic:  4/4        EV:  7    Int:  8    God:
Gold:   40         SH:  9    Dex: 10    Spells: 3/3 levels left

rFire    . . .     SeeInvis .   a - +0 war axe
rCold    . . .     Gourm    .   c - +0 shield
rNeg     . . .     Faith    .   b - +0 scale mail
rPois    .         Spirit   .   (no helmet)
rElec    .         Reflect  .   (no cloak)
rCorr    .         Harm     .   (no gloves)
MR       .....                  (no boots)
Stlth    ..........             (no amulet)
HPRegen  0.13/turn              (no ring)
MPRegen  0.09/turn              (no ring)

@: no status effects
A: no striking features
a: no special abilities


You were on level 2 of the Dungeon.
You were not hungry.

You visited 1 branch of the dungeon, and saw 2 of its levels.

You collected 40 gold pieces.

Inventory:

Hand Weapons
 a - a +0 war axe (weapon)
Armour
 b - a +0 scale mail (worn)
 c - a +0 shield (worn)
Jewellery
 h - a +2 ring of slaying {unknown}
Scrolls
 i - a scroll of blinking {unknown}
 j - a scroll of random uselessness {unknown}
 l - a scroll of fog {unknown}
 m - a scroll of remove curse {unknown}
Potions
 d - 3 potions of might
 e - a potion of mutation {unknown}
 k - a potion of curing {unknown}
 n - a potion of heal wounds {unknown}
 o - a potion of flight {unknown}
Comestibles
 f - 3 rations
 g - 3 chunks of flesh


   Skills:
 - Level 3.6 Fighting
 + Level 5.8 Axes
 - Level 3.2 Armour
 - Level 3.2 Shields


You had 3 spell levels left.
You didn't know any spells.
Your spell library was empty.

Dungeon Overview and Level Annotations

Branches:
Dungeon (2/15)

Altars:


Message History

You are too injured to fight recklessly!
You barely miss the phantom.
The phantom is moderately damaged.
The phantom hits you but does no damage.
You slash the phantom!
The phantom is heavily damaged.
The phantom hits you but does no damage.
You barely miss the phantom.
The phantom is heavily damaged.
You block the phantom's attack. The phantom hits you!
* * * LOW HITPOINT WARNING * * *
Your scale mail prevents you from hitting the phantom.
The phantom is heavily damaged.
The phantom hits you.
* * * LOW HITPOINT WARNING * * *
The phantom blinks!
You closely miss the phantom.
The phantom is heavily damaged.
The phantom hits you.
You die...

.....# #.#..# .....# #.#..##...
.....# #......... .....#
##.#.##### .....### #.#.#
#......# #...#
######.####..######## #
#....<#.........# ##
#..####.>..W@...# P# #..#
##........# .####..# #........#
...##..# #........#
PP.....########.###############
≈P............#.?.##....÷.....###
♣PP#..#######.#.####.########.#..
≈PP#..#.....# #.# #.#.######.#.#
≈P≈##.).....# ..# #.#..........#


You could see a phantom.

Vanquished Creatures
  Terence (D:2)
  An adder (D:2)
  A leopard gecko (D:1)
  A ball python (D:1)
  6 bats
  2 giant cockroaches
  3 goblins (D:1)
  3 hobgoblins
  7 kobolds
  A quokka (D:2)
  2 frilled lizards
  4 rats
32 creatures vanquished.

Notes
Turn   | Place    | Note
-------+----------+-------------------------------------------
     0 | D:1      | Elellon the Hill Orc Fighter began the quest for the Orb.
     0 | D:1      | Reached XP level 1. HP: 19/19 MP: 1/1
    10 | D:1      | Reached skill level 3 in Axes
    95 | D:1      | Reached XP level 2. HP: 26/26 MP: 2/2
   187 | D:1      | Reached skill level 4 in Axes
   555 | D:1      | Reached XP level 3. HP: 31/31 MP: 3/3
   718 | D:2      | Reached skill level 5 in Axes
   897 | D:2      | Noticed Terence
   909 | D:2      | Killed Terence
   909 | D:2      | Reached XP level 4. HP: 30/39 MP: 4/4
  1063 | D:2      | Noticed a phantom
  1088 | D:2      | Slain by a phantom

Levels and vault maps discovered:
D:1:      dpeg_arrival_pond, layout_basic, minmay_tetromino_s4
D:2:      layout_basic, serial_bayou_lagoon_a, minmay_misc_feat_iff,
          trog_butcher_becter, uniq_terence

Skill      XL: |  1  2  3 |
---------------+----------+-----
Axes           | 3 4 5 |  5.8
Fighting       | |  3.6
Armour         | |  3.2
Shields        | |  3.2

Action                   |  1- 3 |  4- 6 || total
-------------------------+-------+-------++-------
Melee: War axe           |    84 |    38 ||   122
  Eat: Chunk             |       |     1 ||     1
Armor: Scale mail        |    35 |    22 ||    57
Dodge: Dodged            |    34 |     9 ||    43
Block: Shield            |    47 |    25 ||    72
